 Dungeon Crawl Stone Soup version 0.29.1-2-gbd0b4ee654 (webtiles) character file.

Game seed: 14426700381091115349

14396 qeuew the Unseen (level 11, -2/47 HPs)
             Began as a Spriggan Enchanter on Nov 11, 2022.
             Was an Initiate of Dithmenos.
             Succumbed to a killer bee's poison
             ... on level 9 of the Dungeon.
             The game lasted 00:28:04 (10507 turns).

qeuew the Unseen (Spriggan Enchanter)              Turns: 10507, Time: 00:28:05

Health: -2/47      AC:  6    Str:  4    XL:     11   Next: 88%
Magic:  26/26      EV: 23    Int: 18    God:    Dithmenos [......]
Gold:   821        SH:  0    Dex: 19    Spells: 19/30 levels left

rFire   + . .      SeeInvis +   i - +6 short sword of the Five Wishes {vorpal, rF+ rN+ SInv}
rCold   + . .      Faith    .   (no shield)
rNeg    + . .      Spirit   .   E - +0 troll leather armour
rPois   .          Reflect  .   o - +2 hat
rElec   .          Harm     .   (no cloak)
rCorr   .          Rampage  .   (gloves unavailable)
Will    ++...                   (boots unavailable)
Stlth   +++++++...              e - amulet of regeneration
HPRegen 1.75/turn               x - ring of protection from cold
MPRegen 0.20/turn               (no ring)

@: lethally poisoned (-2 -> -9), studying Stealth, very quick
A: very small, no large weapons, unfitting armour, see invisible, speed 3,
strong-willed 1
a: Renounce Religion


You were on level 9 of the Dungeon.
You worshipped Dithmenos.
Dithmenos was noncommittal.
You visited 2 branches of the dungeon, and saw 11 of its levels.
You also visited: Ossuary and Bailey.

You collected 821 gold pieces.

Inventory:

Hand Weapons
 a - a +2 dagger of protection
 i - the +6 short sword of the Five Wishes (weapon) {vorpal, rF+ rN+ SInv}
   (You found it on level 4 of the Dungeon)

   It inflicts extra damage upon your enemies.
   rF:        It protects you from fire.
   rN:        It protects you from negative energy.
   SInv:      It lets you see invisible.
Armour
 o - a +2 hat (worn)
 E - a +0 troll leather armour (worn)
Jewellery
 e - an amulet of regeneration (around neck)
 x - a ring of protection from cold (left hand)
Wands
 c - a wand of polymorph (3)
 l - a wand of mindburst (15)
 q - a wand of charming (17)
 r - a wand of flame (28)
Scrolls
 f - 6 scrolls of teleportation
 h - 2 scrolls of enchant weapon
 j - a scroll of blinking
 p - 2 scrolls of silence
 u - 2 scrolls of fear
 y - a scroll of enchant armour
 A - a scroll of brand weapon
 D - a scroll of butterflies
Potions
 d - 4 potions of curing
 g - a potion of haste
 k - 5 potions of heal wounds
 m - a potion of berserk rage
 n - 2 potions of might
 s - 2 potions of flight
 t - 2 potions of ambrosia
 v - a potion of brilliance
 w - 3 potions of resistance
 z - 3 potions of mutation
 C - a potion of cancellation


   Skills:
 + Level 9.1 Short Blades
 + Level 11.0 Dodging
 + Level 17.3 Stealth
 + Level 10.1 Spellcasting
 + Level 10.4 Hexes
 + Level 9.4 Evocations


You had 19 spell levels left.
You knew the following spells:

 Your Spells              Type           Power      Damage    Failure   Level
a - Ensorcelled Hibernat  Hex/Ice        54%        N/A       2%          2
b - Confusing Touch       Hex            46%        N/A       1%          3
c - Tukima's Dance        Hex            46%        N/A       1%          3
d - Dazzling Flash        Conj/Hex       54%        N/A       4%          3

Your spell library contained the following spells:

 Spells                   Type           Power      Damage    Failure   Level
 Slow                     Hex            100%       N/A       1%          1
 Summon Guardian Golem    Hex/Summ       27%        N/A       4%          3
 Summon Small Mammal      Summ           36%        N/A       14%         1
 Anguish                  Hex/Necr       13%        N/A       16%         4
 Leda's Liquefaction      Hex/Erth       13%        N/A       16%         4
 Static Discharge         Conj/Air       9%         3-5/arc   22%         2
 Sublimation of Blood     Necr           9%         N/A       22%         2
 Call Canine Familiar     Summ           9%         N/A       38%         3
 Spider Form              Tmut/Pois      9%         N/A       38%         3
 Vampiric Draining        Necr           9%         2d6       38%         3
 Olgreb's Toxic Radiance  Pois           9%         N/A       80%         4
 Petrify                  Tmut/Erth      9%         N/A       80%         4
 Irradiate                Conj/Tmut      4%         3d13      98%         5
 Lee's Rapid Deconstruct  Erth           4%         3d6*      98%         5
 Lightning Bolt           Conj/Air       4%         1d16      98%         5
 Statue Form              Tmut/Erth      6%         N/A       100%        6
 Ozocubu's Refrigeration  Ice            4%         4d8       100%        7
 Borgnjor's Revivificati  Necr           4%         N/A       100%        8
 Ignition                 Fire           4%         3d4       100%        8
 Maxwell's Capacitive Co  Air            4%         ∞         100%        8
 Necromutation            Tmut/Necr      4%         N/A       100%        8
 Death's Door             Necr           4%         N/A       100%        9


Dungeon Overview and Level Annotations

Branches:
Dungeon (10/15)            Temple (1/1) D:6            Lair (0/5) D:10
    Orc (0/2) D:9         Ossuary (visited)          Bailey (visited)

Altars:
Ashenzari
Cheibriados
Dithmenos
Elyvilon
Fedhas
Gozag
Hepliaklqana
Kikubaaqudgha
Makhleb
Nemelex Xobeh
Okawaru
Qazlal
Ru
Sif Muna
Trog
Uskayaw
Vehumet
Wu Jian
Xom
Yredelemnul
Zin
The Shining One

Shops:
D:2 :   D:8 !

Annotations:
D:3 3 runed translucent doors, OhItsWolfy's ghost, weakling GrFi
D:4 3 runed translucent doors, om's ghost, novice MiMo


Innate Abilities, Weirdness & Mutations

You are very small and have problems with some larger weapons.
You are too small for most types of armour.
You have supernaturally acute eyesight. (SInv)
You cover ground extremely quickly. (Speed+++)
You are strong-willed. (Will+)


Message History

The killer bee is heavily wounded.
You feel very sick.
Your quasit bites the killer bee but does no damage.
Your quasit closely misses the killer bee.
Your quasit completely misses the killer bee.
The killer bee stings you.
* * * LOW HITPOINT WARNING * * *
The killer bee misses you.
The killer bee stings your troll but does no damage.
Your ufetubus barely misses the killer bee.
Your ufetubus completely misses the killer bee.
Your kobold demonologist barely misses the killer bee.
Your troll closely misses the killer bee.
Your troll claws the killer bee but does no damage.
Your troll misses the killer bee.
Your troll completely misses the killer bee.
Your troll misses the killer bee.
Your troll claws the killer bee.
The killer bee dies!
Dithmenos accepts your kill.
Unknown command.
You swap places.
You feel sick. The killer bee barely misses you.
The killer bee stings your troll!
Your ufetubus misses the killer bee.
Your ufetubus closely misses the killer bee.
There is a stone staircase leading up, spattered with blood here.
You feel very sick. The killer bee stings you.
* * * LOW HITPOINT WARNING * * *
The killer bee barely misses your troll.
The killer bee stings you.
* * * LOW HITPOINT WARNING * * *
You are lethally poisoned!
The killer bee poisons you! The killer bee stings your troll.
Your troll barely misses the killer bee.
Your troll completely misses the killer bee.
Your troll misses the killer bee.
Your kobold demonologist looks satisfied for a moment.
Your ufetubus barely misses the killer bee.
Your ufetubus misses the killer bee.
You climb upwards.
Your summoned allies are left behind.
You die...

##### ###...##########
#..............#
#############.#...###.####.#
#.....................# #.#
..#......y......@.(.#.# #.######
...........y...y......# #.......
.##.#...#######...##..###########
.##.#.[## #...##.....[.[.....
######.# #...###.##########.
##...#.# ######..# #. ...8...#
##########.## #. ##...#.##
#........#.# #.
#'#.###.###.######.#.# #.


You could see 3 killer bees.

Vanquished Creatures
  An orc warlord (Bailey)
  A two-headed ogre (D:9)
  An orc knight (Bailey)
  An ugly thing (D:9)
  An unseen horror (D:9)
  2 trolls
  A shadow (D:9)
  4 yaks (D:9)
  A steam dragon (D:7)
  17 orc warriors
  5 black bears
  An ice beast (D:7)
  3 sky beasts
  An ogre (D:5)
  5 centaurs
  2 kobold brigands
  An elf zombie (Ossuary)
  A gnoll sergeant (D:9)
  6 scorpions
  7 bullfrogs
  2 necrophages
  3 wights (D:8)
  11 killer bees
  A howler monkey (D:6)
  3 hounds
  2 jellies (D:5)
  5 orc priests
  An iguana (D:4)
  12 orc wizards
  3 mummies (Ossuary)
  9 gnolls
  9 adders
  An ufetubus (D:5)
  An adder zombie (Ossuary)
  2 worms (D:3)
  3 dart slugs
  70 orcs
  4 ball pythons
  4 bats
  5 endoplasms
  3 giant cockroaches
  12 goblins
  20 hobgoblins
  8 jackals
  14 kobolds
  7 quokkas
  2 frilled lizards
  3 goblin zombies (Ossuary)
  4 hobgoblin zombies (Ossuary)
  5 kobold zombies (Ossuary)
  2 quokka zombies (Ossuary)
  4 rats
  2 rat zombies (Ossuary)
299 creatures vanquished.

Vanquished Creatures (collateral kills)
  A killer bee (D:10)
1 creature vanquished.

Vanquished Creatures (others)
  30 fungi (D:10)
  24 plants (D:10)
54 creatures vanquished.

Grand Total: 354 creatures vanquished

Notes
Turn   | Place    | Note
-------+----------+-------------------------------------------
     0 | D:1      | qeuew the Spriggan Enchanter began the quest for the Orb.
     0 | D:1      | Reached XP level 1. HP: 9/9 MP: 5/5
   196 | D:1      | Reached XP level 2. HP: 3/13 MP: 6/6
   199 | D:1      | Learned a level 2 spell: Ensorcelled Hibernation
   497 | D:1      | Found a faded altar of an unknown god.
  1540 | D:1      | Identified a scroll of acquirement
  1540 | D:1      | Acquired an amulet of regeneration
  1603 | D:2      | Reached XP level 3. HP: 16/16 MP: 8/8
  1704 | D:2      | Found Zafeumoa's Book Shop.
  1760 | D:2      | Reached skill level 5 in Stealth
  2100 | D:2      | Reached XP level 4. HP: 6/21 MP: 0/10
  2706 | D:3      | Reached XP level 5. HP: 24/24 MP: 11/11
  2709 | D:3      | Found a runed translucent gate.
  2710 | D:3      | Found a runed translucent gate.
  2712 | D:3      | Found a runed translucent gate.
  2729 | D:3      | Noticed OhItsWolfy's ghost (weakling GrFi)
  2992 | D:4      | Found a large runed translucent door.
  2993 | D:4      | Found a large runed translucent door.
  3071 | D:4      | Noticed a sky beast
  3076 | D:4      | Killed a sky beast
  3077 | D:4      | Reached skill level 6 in Stealth
  3077 | D:4      | Reached XP level 6. HP: 28/28 MP: 11/13
  3078 | D:4      | Reached skill level 5 in Hexes
  3095 | D:4      | Noticed an orc warrior
  3102 | D:4      | Killed an orc warrior
  3218 | D:4      | Found a hide-covered altar of Uskayaw.
  3254 | D:4      | Learned a level 3 spell: Confusing Touch
  3258 | D:4      | Learned a level 3 spell: Tukima's Dance
  3262 | D:4      | Learned a level 3 spell: Dazzling Flash
  3312 | D:4      | Identified the +6 short sword of the Five Wishes {vorpal,
                  | rF+ rN+ SInv}
  3324 | D:4      | Found a runed translucent door.
  3344 | D:4      | Noticed om's ghost (novice MiMo)
  3433 | D:4      | Found a shimmering altar of Xom.
  3478 | D:4      | Reached skill level 5 in Dodging
  3478 | D:4      | Reached skill level 7 in Stealth
  3478 | D:4      | Reached XP level 7. HP: 32/32 MP: 11/15
  3578 | D:5      | Entered Level 5 of the Dungeon
  3891 | D:5      | Reached skill level 5 in Spellcasting
  3999 | D:5      | Reached skill level 8 in Stealth
  4038 | D:5      | Identified the +5 trident "Beast's Curse" {freeze, rPois
                  | rN+}
  4241 | D:6      | Found an iron altar of Okawaru.
  4885 | D:6      | Found a staircase to the Ecumenical Temple.
  4892 | D:6      | Reached skill level 9 in Stealth
  4892 | D:6      | Reached XP level 8. HP: 36/36 MP: 17/17
  4895 | Temple   | Entered the Ecumenical Temple
  5122 | D:6      | Reached skill level 1 in Evocations
  5636 | D:7      | Found a sand-covered staircase.
  5645 | Ossuary  | Entered an ossuary
  5718 | Ossuary  | Reached skill level 5 in Short Blades
  5718 | Ossuary  | Reached skill level 10 in Stealth
  6163 | D:7      | Found a flagged portal.
  6181 | Bailey   | Entered a bailey
  6278 | Bailey   | Reached skill level 11 in Stealth
  6342 | Bailey   | Reached XP level 9. HP: 39/39 MP: 16/19
  6361 | Bailey   | Noticed an orc warlord
  6467 | Bailey   | Killed an orc warlord
  6468 | Bailey   | Reached skill level 12 in Stealth
  6540 | Bailey   | Reached skill level 5 in Evocations
  6570 | Bailey   | Identified the +8 sling of the Morning {vorpal, Will+}
  6736 | Bailey   | Noticed an orc knight
  6767 | Bailey   | Reached skill level 13 in Stealth
  6912 | Bailey   | Killed an orc knight
  6913 | Bailey   | Reached XP level 10. HP: 37/44 MP: 16/22
  7638 | D:7      | Reached skill level 10 in Dodging
  7638 | D:7      | Reached skill level 15 in Stealth
  7638 | D:7      | Reached XP level 11. HP: 47/47 MP: 23/25
  7948 | D:8      | Reached skill level 16 in Stealth
  8458 | D:8      | Found Koinaig's Distillery.
  8756 | D:9      | Found a sacrificial altar of Ru.
  8960 | D:9      | Reached skill level 10 in Hexes
  9102 | D:9      | Noticed a two-headed ogre
  9105 | D:9      | Killed a two-headed ogre
  9130 | D:9      | Noticed a brown ugly thing
  9143 | D:9      | Killed a brown ugly thing
  9362 | D:9      | Found a staircase to the Orcish Mines.
  9690 | D:9      | Found a shadowy altar of Dithmenos.
  9861 | D:9      | Became a worshipper of Dithmenos the Shadowed
  9862 | D:9      | Gained mutation: You are strong-willed. (Will+) [potion of
                  | mutation]
  9902 | D:10     | Entered Level 10 of the Dungeon
  9950 | D:9      | Reached skill level 17 in Stealth
  9950 | D:9      | Reached skill level 10 in Spellcasting
 10392 | D:10     | Found a staircase to the Lair.
 10506 | D:10     | HP: 1/47 [killer bee (6)]
 10507 | D:9      | Succumbed to a killer bee's poison

Illustrated notes

Levels and vault maps discovered:
D:1:      mrwooster_arrival_arrow, layout_basic, ebering_ecumenical_altar_box
D:2:      layout_basic, serial_shops, nicolae_square_shop
D:3:      wad_pebble_path, layout_rooms, gammafunk_ghost_necromancy,
          hangedman_decor_opposing
D:4:      due_chaos_kobolds, layout_rooms, mainiacjoe_overflow_catwalk,
          gammafunk_ghost_grave, chequers_mini_garden, minmay_manual_mail
D:5:      layout_basic
D:6:      layout_layer_cave, okawaru_ov_weapons_minmay,
          minmay_temple_entry_proselytizer
D:7:      layout_gridville, nicolae_ossuary_entry_ruins, enter_bailey_4
D:8:      layout_basic, serial_shops, nicolae_shop_hallway_stairs,
          grunt_decor_clamped, kennysheep_generic_room_10
D:9:      layout_loops_ring, nicolae_ru_sacrificial_ziggurat,
          mainiacjoe_overflow_alcove_1, hiddenorc2_lemuel
D:10:     layout_cross, due_lair_maze_entry_diamond, minmay_holes,
          minmay_orc_keep
Temple:   compressed_dpeg_circular_temple

Skill      XL: |  1  2  3  4  5  6  7  8  9 10 11 |
---------------+----------------------------------+-----
Dodging        | 3 4 5 6 7 8 10 11 | 11.0
Spellcasting   | 3 4 5 6 7 9 10 | 10.1
Hexes          | 4 5 6 7 8 9 10 | 10.4
Stealth        | 5 6 7 9 11 13 15 17 | 17.3
Short Blades   | 2 3 4 5 6 8 9 |  9.1
Evocations     | 3 5 8 9 |  9.4

Action                   |  1- 3 |  4- 6 |  7- 9 | 10-12 || total
-------------------------+-------+-------+-------+-------++-------
Melee: Dagger            |    97 |   115 |       |       ||   212
       Punch             |       |     2 |     4 |     1 ||     7
       Short sword       |       |     2 |   259 |   298 ||   559
 Cast: Ensorcelled Hiber |    14 |    11 |    48 |    56 ||   129
       Tukima's Dance    |       |       |     6 |       ||     6
       Confusing Touch   |       |       |       |     2 ||     2
Evoke: Wand              |       |       |     3 |       ||     3
  Use: Potion            |     6 |     2 |     2 |     3 ||    13
       Scroll            |     4 |     2 |     7 |     7 ||    20
 Stab: Sleeping          |    16 |    18 |    44 |    49 ||   127
       Invisible         |     2 |     1 |     4 |       ||     7
       Distracted        |       |       |     6 |       ||     6
       Confused          |       |       |       |     2 ||     2
Armor: Robe              |    15 |    22 |    19 |    22 ||    78
       Troll leather arm |       |       |       |     3 ||     3
Dodge: Dodged            |    75 |   113 |   169 |   347 ||   704
